 Dungeon Crawl Stone Soup version 0.30-a0-368-g86fb4627a9 (webtiles) character file.

Game seed: 8524358380911099528

424 qeuew the Trooper (level 6, 0/48 HPs)
             Began as a Demonspawn Fighter on Nov 20, 2022.
             Was a Follower of Lugonu.
             Killed by divine providence
             ... invoked by an orc priest
              (9 damage)
             ... on level 4 of the Dungeon.
             The game lasted 00:06:54 (2462 turns).

qeuew the Trooper (Demonspawn Fighter)              Turns: 2462, Time: 00:06:55

Health: 0/48       AC: 10    Str: 17    XL:     6   Next: 64%
Magic:  6/6        EV: 10    Int:  9    God:    Lugonu [*.....]
Gold:   146        SH:  5    Dex: 14    Spells: 5/5 levels left

rFire   . . .      SeeInvis .    a - +0 war axe
rCold   . . .      Faith    .    c - +0 buckler
rNeg    . . .      Spirit   .    b - +0 scale mail
rPois   .          Reflect  .    (helmet restricted)
rElec   .          Harm     .    (no cloak)
rCorr   .          Rampage  .    (no gloves)
Will    .....                    g - +2 pair of boots
Stlth   ..........               i - amulet of regeneration
HPRegen 1.08/turn                (no ring)
MPRegen 0.10/turn                (no ring)

@: mighty, on berserk cooldown, slowed, very slow
A: horns 1, powered by pain 2
a: Renounce Religion, Depart the Abyss


You were on level 4 of the Dungeon.
You worshipped Lugonu.
Lugonu was aware of your devotion.
You visited 1 branch of the dungeon, and saw 4 of its levels.

You collected 146 gold pieces.

Inventory:

Hand Weapons
 a - a +0 war axe (weapon)
Armour
 b - a +0 scale mail (worn)
 c - a +0 buckler (worn)
 g - a +2 pair of boots (worn)
Jewellery
 i - an amulet of regeneration (around neck)
Scrolls
 h - a scroll of enchant armour
Potions
 e - a potion of brilliance
 k - a potion of magic
 m - a potion of haste


   Skills:
 + Level 4.1 Fighting
 * Level 3.9 Axes
 + Level 3.7 Armour
 + Level 2.2 Dodging
 + Level 3.7 Shields


You had 5 spell levels left.
You didn't know any spells.
Your spell library contained the following spells:

 Spells                   Type           Power      Damage    Failure   Level
 Cigotuvi's Dreadful Rot  Necr/Pois/Air  0%         N/A       95%         2
 Poisonous Vapours        Pois/Air       0%         N/A       95%         2
 Wereblood                Tmut           0%         N/A       95%         2
 Gell's Gravitas          Tloc           0%         N/A       99%         3
 Ignite Poison            Fire/Tmut/Pois 0%         N/A       99%         3
 Mephitic Cloud           Conj/Pois/Air  0%         N/A       99%         3
 Teleport Other           Tloc           0%         N/A       99%         3
 Dispersal                Tloc           0%         N/A       100%        6
 Statue Form              Tmut/Erth      0%         N/A       100%        6
 Necromutation            Tmut/Necr      0%         N/A       100%        8


Dungeon Overview and Level Annotations

Branches:
Dungeon (4/15)
 Temple: D:4-7

Altars:
Cheibriados
Yredelemnul
Lugonu

Shops:
D:1 *

Portals:
Abyss: D:3


Innate Abilities, Weirdness & Mutations

You have a pair of small horns on your head.
You sometimes gain power by taking damage.


Message History

You are exhausted.
You feel yourself slow down. The adder bites you but does no damage.
You bump into the rock wall.
The orc wizard casts a spell.
The orc wizard flickers and vanishes!
Deactivating autopickup; reactivate with Ctrl-A.
The adder closely misses you. The adder bites you.
* * * LOW HITPOINT WARNING * * *
Unknown command.
You closely miss the adder. The adder closely misses you.
The orc priest looks encouraged for a moment.
The adder barely misses you.
The orc wizard mumbles some strange words.
The orc wizard flickers and vanishes!
Unknown command.
You bump into the rock wall.
The adder bites you but does no damage. The adder barely misses you.
You miss the adder. The adder closely misses you. The adder bites you.
* * * LOW HITPOINT WARNING * * *
You miss the adder. The adder bites you.
* * * LOW HITPOINT WARNING * * *
You are poisoned.
The adder poisons you! The adder closely misses you.
The adder barely misses you.
You closely miss the adder.
You feel very sick. The adder barely misses you. x3
You bump into the rock wall.
You feel sick. The adder barely misses you. x2
Unknown command.
Okay, then.
You bump into the rock wall.
You feel sick.
The adder bites you but does no damage. x2
Unknown command.
You bump into the rock wall.
You feel less confused.
You feel sick.
You are no longer poisoned.
The orc priest mumbles some strange prayers to Beogh against you.
Beogh smites you!
You die...

## ###.###
.....# . ..#
#.#.# .
.##.#.#.####....
.......@........
....###S###..###
......{o{.# #
.......B........
........:.......
................
................
................
................


You could see an orc priest, an adder and a giant cockroach.

Vanquished Creatures
  Sigmund (D:3)
  A phantom (D:2)
  2 orc wizards (D:3)
  2 adders (D:2)
  4 gnolls (D:2)
  A worm (D:2)
  2 dart slugs (D:3)
  5 orcs
  8 ball pythons
  4 bats
  3 endoplasms
  2 giant cockroaches (D:1)
  4 goblins
  9 hobgoblins
  7 jackals (D:1)
  4 quokkas
  4 frilled lizards (D:2)
  4 kobolds
  7 rats
74 creatures vanquished.

Vanquished Creatures (others)
  A lurking horror (D:3)
1 creature vanquished.

Grand Total: 75 creatures vanquished

Notes
Turn   | Place    | Note
-------+----------+-------------------------------------------
     0 | D:1      | qeuew the Demonspawn Fighter began the quest for the Orb.
     0 | D:1      | Reached XP level 1. HP: 18/18 MP: 1/1
    82 | D:1      | Got the Handbook of Metallic Transformation
   115 | D:1      | Gained mutation: You sometimes gain a little power by
                  | taking damage. [demonic ancestry]
   115 | D:1      | Reached XP level 2. HP: 14/24 MP: 2/2
   331 | D:1      | Found Igadan's General Store.
   371 | D:1      | Found a faded altar of an unknown god.
   765 | D:2      | Gained mutation: You have a pair of small horns on your
                  | head. [demonic ancestry]
   765 | D:2      | Reached XP level 3. HP: 29/29 MP: 3/3
   807 | D:2      | HP: 1/29 [gnoll/+0 spear (5)]
   820 | D:2      | Reached skill level 1 in Dodging
   826 | D:2      | Reached XP level 4. HP: 20/35 MP: 4/4
  1075 | D:2      | Noticed a phantom
  1082 | D:2      | Killed a phantom
  1083 | D:2      | Gained mutation: You sometimes gain power by taking damage.
                  | [demonic ancestry]
  1083 | D:2      | Reached XP level 5. HP: 41/41 MP: 5/5
  1871 | D:3      | Found a corrupted altar of Lugonu.
  1897 | D:3      | Found a one-way gate to the infinite horrors of the Abyss.
  1903 | D:3      | Became a worshipper of Lugonu the Unformed
  1903 | D:3      | Reached * piety under Lugonu
  1954 | D:3      | Found a basalt altar of Yredelemnul.
  1983 | D:3      | Found a snail-covered altar of Cheibriados.
  2142 | D:3      | Noticed Sigmund
  2192 | D:3      | Killed Sigmund
  2193 | D:3      | Reached skill level 4 in Fighting
  2193 | D:3      | Reached XP level 6. HP: 6/48 MP: 6/6
  2462 | D:4      | Killed from afar by an orc priest

Illustrated notes

Levels and vault maps discovered:
D:1:      eino_arrival_water_star, layout_loops_ring, serial_shops, shop,
          shapermc_ecumenical_altar_notcrosses
D:2:      layout_basic, kennysheep_generic_room_15
D:3:      layout_rooms, mainiacjoe_overflow_surrounded_room,
          cheibriados_altar_1, amcnicky_altar_lugonu_corruption, uniq_sigmund
D:4:      layout_basic, makhleb_altar_promises_db,
          nicolae_shop_overcharged_wands

Skill      XL: |  1  2  3  4  5 |
---------------+----------------+-----
Axes           | 2 3 |  3.9
Shields        | 3 |  3.7
Armour         | 3 |  3.7
Dodging        | 1 2 |  2.2
Fighting       | 4 |  4.1

Action                   |  1- 3 |  4- 6 || total
-------------------------+-------+-------++-------
Melee: War axe           |    90 |   146 ||   236
       Headbutt          |     1 |    20 ||    21
  Use: Scroll            |     4 |     5 ||     9
       Potion            |     3 |     5 ||     8
Armor: Scale mail        |    62 |    82 ||   144
Dodge: Dodged            |    58 |    69 ||   127
Block: Buckler           |    29 |    41 ||    70

Table legend: (Time is in decaauts)
 A = Elapsed time spent in this place.
 B = Non-inter-level travel time spent in this place.
 C = Inter-level travel time spent in this place.
 D = Time resting spent in this place.
 E = Time spent auto-exploring this place.
 F = Levels seen in this place.
 G = Mean time per level.
                   A        B        C        D        E       F      G
               +--------+--------+--------+--------+--------+-----+--------+
         Total |   2558 |   2470 |     88 |     26 |   1834 |   4 |  639.5 |
       Dungeon |   2558 |   2470 |     88 |     26 |   1834 |   4 |  639.5 |
               +--------+--------+--------+--------+--------+-----+--------+

Top non-repeatable levels by time:
     D:2: 968 daAuts
     D:3: 784 daAuts
     D:1: 776 daAuts
     D:4: 29 daAuts
